 Seeded DCSS version 0.30.1-9-gdf580d7c3d (webtiles) character file.

Game seed: 18254337500924086558 (custom seed)

2 Psyclone the Conjurer (level 1, 10/10 HPs)
             Began as a Deep Elf Conjurer on Oct 22, 2023.
             Quit the game on level 1 of the Dungeon.
             The game lasted 00:00:08 (96 turns).

Psyclone the Conjurer (Deep Elf Conjurer)             Turns: 96, Time: 00:00:09

Health: 10/10      AC:  7    Str:  4    XL:     1   Next: 25%
Magic:  6/6        EV: 12    Int: 22    God:
Gold:   0          SH:  0    Dex: 13    Spells: 5/6 levels left

rFire   . . .        (no weapon)
rCold   . . .        (no shield)
rNeg    . . .        a - +0 robe
rPois   .            c - +1 helmet
rElec   .            (no cloak)
rCorr   .            (no gloves)
SInv    .            (no boots)
Will    .....        (no amulet)
Stlth   ++           (no ring)
HPRegen 0.21/turn    (no ring)
MPRegen 0.10/turn

%: no passive effects
@: no status effects
A: talons 1, iridescent scales 1, shaggy fur 1, MP-powered wands
a: no special abilities


You were on level 1 of the Dungeon.
You visited 1 branch of the dungeon, and saw 1 of its levels.

Inventory:

Armour
 a - a +0 robe (worn)
 c - a +1 helmet (worn)
Potions
 b - a potion of magic


   Skills:
 - Level 2.4 Dodging
 - Level 2.4 Stealth
 + Level 3.1 Spellcasting
 + Level 4.4 Conjurations


You had 5 spell levels left.
You knew the following spells:

 Your Spells              Type           Power      Damage    Failure   Level
a - Magic Dart            Conj           92%        1d7       1%          1

Your spell library contained the following spells:

 Spells                   Type           Power      Damage    Failure   Level
 Searing Ray              Conj           46%        2d6       3%          2
 Dazzling Flash           Conj/Hex       26%        N/A       14%         3
 Fulminant Prism          Conj/Hex       6%         3d7       43%         4
 Iskenderun's Mystic Bla  Conj/Tloc      13%        2d5       43%         4


Dungeon Overview and Level Annotations

Branches:
Dungeon (1/15) Zot: 5904

Altars:


Innate Abilities, Weirdness & Mutations

You have sharp toenails.
You are partially covered in iridescent scales. (AC +2)
You are covered in fur. (AC +1)
You expend magic power (3 MP) to strengthen your wands.


Message History

Found 6 atropa-tipped darts.
Casting: Magic Dart (safe; 1% risk of failure)
Confirm with . or Enter, or press ? or * to list all spells.
Aiming: Magic Dart (safe; 1% risk of failure)
Press: ? - help, Shift-Dir - straight line, f - ball python
Aim: a ball python (asleep, 100% to hit)
The magic dart hits the ball python.
You kill the ball python!
You now have 5/6 mp.
Found a dagger.
You see here a +0 dagger.
MP restored: 6
Found a shiny helmet.
Found 8 gold pieces.
You see here a +1 helmet.
c - a +1 helmet You start putting on your armour.
You continue putting on your +1 helmet. x4
You finish putting on your +1 helmet.
A frilled lizard comes into view.
Casting: Magic Dart (safe; 1% risk of failure)
Confirm with . or Enter, or press ? or * to list all spells.
Aiming: Magic Dart (safe; 1% risk of failure)
Press: ? - help, Shift-Dir - straight line, f - frilled lizard
Aim: a frilled lizard (asleep, 100% to hit)
The magic dart hits the frilled lizard.
You kill the frilled lizard!
You now have 5/6 mp.
You see here a frilled lizard corpse.
Found a whip.
Found a golden potion.
You see here a +0 whip.
d - a golden potion MP restored: 6 It was a potion of mutation.
You feel extremely strange.
Iridescent scales grow over part of your body.
Your toenails lengthen and sharpen.
Fur sprouts all over your body.
You feel your magical essence link to the dungeon's wands.
Unknown command.
Unknown command.
Are you sure you want to abandon this character and quit the game? (Confirm with "yes".)

$.......#
######..# #.#
#.## #.# #.#
#.# #.# #.#
#.# #.# #.#
#.# #.# #.#
#.### #@#
#...# #.#
#.#.# #.#
...#.# #)#
#####.# #.#
#.# #.# #†#
#.#
######.###.#
............#


There were no monsters in sight!

Vanquished Creatures
  A ball python (D:1)
  A frilled lizard (D:1)
2 creatures vanquished.

Notes
Turn   | Place    | Note
-------+----------+-------------------------------------------
     0 | D:1      | Psyclone the Deep Elf Conjurer began the quest for the Orb.
     0 | D:1      | Reached XP level 1. HP: 10/10 MP: 6/6
    95 | D:1      | Gained mutation: You are partially covered in iridescent
                  | scales. (AC +2) [potion of mutation]
    95 | D:1      | Gained mutation: You have sharp toenails. [potion of
                  | mutation]
    95 | D:1      | Gained mutation: You are covered in fur. (AC +1) [potion of
                  | mutation]
    95 | D:1      | Gained mutation: You expend magic power (3 MP) to
                  | strengthen your wands. [potion of mutation]
    96 | D:1      | Quit the game

Illustrated notes

Levels and vault maps discovered:
D:1:      evilmike_arrival_rings, layout_loops_ring,
          hellmonk_ecumenical_altar_pennies_from_heaven

Action                     || total
---------------------------++-------
   Cast: Magic Dart        ||     2
    Use: Potion            ||     1
